 Dungeon Crawl Stone Soup version 0.21-a0-84-g85d6d27 (webtiles) character file.

1444 Firecrotchwizard the Basher (level 8, -6/71 HPs)
             Began as a Minotaur Berserker on July 1, 2017.
             Was an Elder of Trog.
             Mangled by a two-headed ogre
             ... wielding a +0 giant club
              (22 damage)
             ... on level 6 of the Dungeon.
             The game lasted 00:10:27 (5128 turns).

Firecrotchwizard the Basher (Minotaur Berserker)    Turns: 5128, Time: 00:10:28

Health: -6/71      AC: 13    Str: 21    XL:     8   Next: 46%
Magic:  7/7        EV:  5    Int:  4    God:    Trog [****..]
Gold:   344        SH: 14    Dex: 13    Spells: 7/7 levels left

rFire    . . .     SeeInvis .   E - +0 morningstar
rCold    . . .     Gourm    .   q - +0 large shield
rNeg     . . .     Faith    .   j - +0 chain mail
rPois    .         Spirit   .   (helmet restricted)
rElec    .         Reflect  .   s - +2 cloak
rCorr    .         Harm     .   (no gloves)
MR       .....                  (no boots)
Stlth    ..........             (no amulet)
HPRegen  0.21/turn              (no ring)
MPRegen  0.10/turn              (no ring)

@: no status effects
A: retaliatory headbutt, horns 2
a: Berserk, Trog's Hand, Brothers in Arms, Burn Spellbooks, Renounce Religion


You were on level 6 of the Dungeon.
You worshipped Trog.
Trog was greatly pleased with you.
You were not hungry.

You visited 1 branch of the dungeon, and saw 6 of its levels.

You collected 344 gold pieces.

Inventory:

Hand Weapons
 a - a +0 mace
 r - a +3 quarterstaff of chaos
   (You took it off Crazy Yiuf on level 3 of the Dungeon)
 x - a cursed -2 spear
   (You found it on level 4 of the Dungeon)
 E - a +0 morningstar (weapon)
   (You found it on level 6 of the Dungeon)
Armour
 b - a +0 animal skin
 e - a +0 ring mail
   (You found it on level 1 of the Dungeon)
 j - a +0 chain mail (worn)
   (You found it on level 1 of the Dungeon)
 q - a +0 large shield (worn)
   (You found it on level 3 of the Dungeon)
 s - a +2 cloak (worn)
   (You took it off Crazy Yiuf on level 3 of the Dungeon)
Wands
 f - a wand of acid (6/15)
   (You found it on level 5 of the Dungeon)
 p - a wand of lightning (7/15)
   (You found it on level 3 of the Dungeon)
 w - a wand of confusion (35/48)
   (You found it on level 4 of the Dungeon)
 y - a wand of confusion (44/48)
   (You found it on level 5 of the Dungeon)
Scrolls
 d - a scroll of immolation {!r}
 h - 2 scrolls of random uselessness
 i - 3 scrolls of remove curse
 o - 2 scrolls of identify
 u - a scroll of magic mapping {!r}
 v - 2 scrolls of teleportation
Potions
 g - a potion of mutation {unknown}
 k - a potion of haste {unknown}
 l - a potion of might {unknown}
 m - 2 potions of agility {unknown}
 t - 2 potions of ambrosia {unknown}
 z - a potion of cancellation {unknown}
 A - 2 potions of curing
 C - a potion of heal wounds {unknown}
 D - a potion of resistance {unknown}
Comestibles
 c - 5 bread rations {@e1}
 n - 5 royal jellies
 B - a meat ration {@e2}
 F - 4 chunks of flesh {@w0}


   Skills:
 + Level 6.7 Fighting
 * Level 8.8 Maces & Flails
 + Level 6.0 Armour
 - Level 4.0 Dodging
 + Level 3.9 Shields


You had 7 spell levels left.
You didn't know any spells.

Dungeon Overview and Level Annotations

Branches:
Dungeon (6/15)             Temple (0/1) D:4

Altars:
Cheibriados
Gozag
Kikubaaqudgha
Trog
Yredelemnul

Shops:
D:5 (


Innate Abilities, Weirdness & Mutations

You reflexively headbutt those who attack you in melee.
You have a pair of horns on your head.


Message History

You feel aware of your surroundings.
You sensed 2 altars.
It was a scroll of magic mapping.
Health restored: 71
As you read the scroll labeled UNLEIC ISOALEN, it crumbles to dust.
The air around you briefly surges with heat, but it dissipates.
It was a scroll of immolation.
As you read the scroll labeled VIL EKHEO, it crumbles to dust.
Your +0 morningstar glows dark lavender for a moment.
It was a scroll of random uselessness.
As you read the scroll labeled WUJU VISTUATOU, it crumbles to dust.
It is a scroll of amnesia.
You feel forgetful for a moment.
As you read the scroll labeled ZAOTAOJANY, it crumbles to dust.
You feel as if something is helping you.
It was a scroll of remove curse.
Drop what? 32/52 slots (_ for help) (? for menu, Esc to quit)
Really drop
G - a ring of teleportation {+/*tele, !d}?
You remove your ring of teleportation {+/*tele, !d}.
You drop an uncursed ring of teleportation {+/*tele, !d}.
B - a meat ration {@e2} You see here an uncursed ring of teleportation {+/*tele, !d}.
A - 2 potions of curing (gained 1)
You see here a war axe.
i - 3 scrolls of remove curse (gained 1)
An adder comes into view.
The adder hisses angrily.
You closely miss the adder. Your headbutt misses the adder.
The adder bites you but does no damage. You block the adder's attack.
You hit the adder. You block the adder's attack.
You miss the adder. You headbutt the adder!
You kill the adder!
Trog accepts your kill.
No target in view!
You butcher the adder corpse.
F - 4 chunks of flesh {@w0} (gained 2)
You see here an adder skeleton. x2
You now have 344 gold pieces (gained 12).
A water moccasin skeleton comes into view.
You block the water moccasin skeleton's attack.
Your chain mail prevents you from hitting the water moccasin skeleton.
You block the water moccasin skeleton's attack.
The water moccasin skeleton bites you.
You take 2 damage, and have 69/71 hp.
Your shield and chain mail prevent you from hitting the water moccasin skeleton.
The water moccasin skeleton bites you.
You take 2 damage, and have 67/71 hp.
Your shield and chain mail prevent you from hitting the water moccasin skeleton.
You block the water moccasin skeleton's attack. x2
Your shield and chain mail prevent you from hitting the water moccasin skeleton.
You headbutt the water moccasin skeleton!
You block the water moccasin skeleton's attack.
You puncture the water moccasin skeleton!
You headbutt the water moccasin skeleton!
You block the water moccasin skeleton's attack. x2
You hit the water moccasin skeleton.
You block the water moccasin skeleton's attack.
The water moccasin skeleton bites you but does no damage.
Your shield and chain mail prevent you from hitting the water moccasin skeleton.
You headbutt the water moccasin skeleton.
The water moccasin skeleton bites you but does no damage.
Your shield and chain mail prevent you from hitting the water moccasin skeleton.
Your headbutt misses the water moccasin skeleton.
You block the water moccasin skeleton's attack. x2
You puncture the water moccasin skeleton!
You destroy the water moccasin skeleton!
Trog accepts your kill.
Your Armour skill increases to level 6!
No target in view!
A two-headed ogre comes into view. It is wielding two giant clubs.
The two-headed ogre shouts in stereo!
Found a stone staircase leading down.
A two-headed ogre is nearby!
Found a stone staircase leading down.
You see here 8 gold pieces.
The two-headed ogre hits you with a giant club.
You block the two-headed ogre's attack.
You take 4 damage, and have 66/71 hp.
You hit the two-headed ogre. You puncture the two-headed ogre!
You headbutt the two-headed ogre.
The two-headed ogre hits you with a giant club!!
You block the two-headed ogre's attack.
You take 20 damage, and have 46/71 hp.
MASSIVE DAMAGE!!
Your shield and chain mail prevent you from hitting the two-headed ogre.
The two-headed ogre hits you with a giant club!!
The two-headed ogre hits you but does no damage.
You take 23 damage, and have 23/71 hp.
MASSIVE DAMAGE!!
You hit the two-headed ogre. You headbutt the two-headed ogre!
The two-headed ogre barely misses you. You block the two-headed ogre's attack.
You sock the two-headed ogre! You headbutt the two-headed ogre.
You block the two-headed ogre's attack. The two-headed ogre closely misses you.
You barely miss the two-headed ogre. You block the two-headed ogre's attack.
The two-headed ogre closely misses you.
Your chain mail prevents you from hitting the two-headed ogre.
Your headbutt misses the two-headed ogre.
The two-headed ogre hits you with a giant club!
* * * LOW HITPOINT WARNING * * *
The two-headed ogre hits you with a giant club!!
You die...

**,,,,,,,** **** #.........* *,,*
******* #........>***,,*
**,,,,,** #.........**,,,*
*,,,,,,,** #....>....**,,,* *
,,,,,,,,,* #...$.....*,,*,* *
,,,,,,,,,######.........#.,*,****
,,,,,,,,,.......O...........,,,,*
,,,,,,,,,*#####.@....?$.#..#...,,
,,,,,,,,,*#.....$.......#......,,
,,,,,,,,,*#....................#*
,,.......*#..............#*#...##
.........##............#.# #.#...
.........##..............# #.....
%........##.............## #.....
#.......###..........รท..##
#..... ##...............(.......#
#.....


You could see a two-headed ogre.

Vanquished Creatures
  Grinder (D:3)
  A sky beast (D:6)
  2 ogres
  2 bullfrogs (D:6)
  A jelly (D:5)
  A water moccasin skeleton (D:6)
  2 vampire bats (D:5)
  A howler monkey (D:3)
  A bullfrog zombie (D:6)
  A hound (D:4)
  A centaur skeleton (D:6)
  Crazy Yiuf (D:3)
  4 bullfrog skeletons
  An orc wizard (D:3)
  An iguana (D:5)
  4 worker ants
  A hound skeleton (D:3)
  A howler monkey skeleton (D:5)
  3 gnolls (D:3)
  6 adders
  An ooze (D:1)
  An adder zombie (D:3)
  2 adder skeletons
  7 worms
  2 dart slugs (D:3)
  5 leopard geckos
  11 orcs
  9 bats
  4 bat skeletons (D:5)
  3 bat zombies (D:5)
  6 giant cockroaches
  10 goblins
  5 hobgoblins
  2 jackals (D:3)
  5 quokkas
  5 frilled lizards
  A jackal skeleton (D:3)
  A jackal zombie (D:3)
  7 kobolds
  2 leopard gecko skeletons
  2 leopard gecko zombies (D:3)
  6 rats
133 creatures vanquished.

Notes
Turn   | Place    | Note
-------+----------+-------------------------------------------
     0 | D:1      | Firecrotchwizard the Minotaur Berserker began the quest for the Orb.
     0 | D:1      | Reached XP level 1. HP: 19/19 MP: 0/0
   119 | D:1      | Reached skill level 4 in Maces & Flails
   122 | D:1      | Reached XP level 2. HP: 27/27 MP: 1/1
   780 | D:1      | Reached ** piety under Trog
   780 | D:1      | Reached XP level 3. HP: 33/33 MP: 2/2
   934 | D:1      | Reached skill level 4 in Fighting
  1464 | D:2      | You fall through a shaft!
  1478 | D:3      | Reached skill level 5 in Maces & Flails
  1478 | D:3      | Reached skill level 3 in Armour
  1478 | D:3      | Reached XP level 4. HP: 33/41 MP: 3/3
  1646 | D:3      | Reached skill level 3 in Dodging
  1646 | D:3      | Reached XP level 5. HP: 41/47 MP: 4/4
  1693 | D:3      | Reached *** piety under Trog
  1975 | D:3      | Found a faded altar of an unknown god.
  2175 | D:3      | Noticed Grinder
  2195 | D:3      | HP: 7/47 [Grinder (6)]
  2195 | D:3      | HP: 1/47 [worm (5)]
  2198 | D:3      | Killed Grinder
  2198 | D:3      | Reached skill level 5 in Fighting
  2198 | D:3      | Reached skill level 6 in Maces & Flails
  2198 | D:3      | Reached skill level 4 in Armour
  2198 | D:3      | Reached XP level 6. HP: 4/56 MP: 5/5
  2290 | D:3      | Reached skill level 4 in Dodging
  2481 | D:3      | Found a snail-covered altar of Cheibriados.
  2779 | D:3      | Found a runed door.
  2952 | D:3      | Noticed Crazy Yiuf
  2955 | D:3      | Killed Crazy Yiuf
  2990 | D:4      | Found a basalt altar of Yredelemnul.
  2990 | D:4      | Found a bloodstained altar of Trog.
  3037 | D:4      | Reached XP level 7. HP: 55/61 MP: 6/6
  3043 | D:4      | Reached skill level 1 in Shields
  3092 | D:4      | Reached skill level 7 in Maces & Flails
  3461 | D:4      | Found a staircase to the Ecumenical Temple.
  3850 | D:5      | Entered Level 5 of the Dungeon
  3858 | D:5      | Reached skill level 5 in Armour
  3858 | D:5      | Reached skill level 2 in Shields
  3867 | D:5      | Found an ancient bone altar of Kikubaaqudgha.
  3872 | D:5      | Reached **** piety under Trog
  4040 | D:5      | Found Cuargh's Weapon Boutique.
  4064 | D:5      | Found an opulent altar of Gozag.
  4124 | D:5      | HP: 11/62 [acid (7)]
  4452 | D:5      | Reached skill level 6 in Fighting
  4710 | D:6      | Reached XP level 8. HP: 69/70 MP: 7/7
  4727 | D:6      | Reached skill level 8 in Maces & Flails
  4756 | D:6      | Reached skill level 3 in Shields
  5113 | D:6      | Reached skill level 6 in Armour
  5118 | D:6      | Noticed a two-headed ogre
  5128 | D:6      | HP: 16/71 [two-headed ogre/giant club (8)]
  5128 | D:6      | Mangled by a two-headed ogre

Vault maps used:
D:1:      ncdulo_halloftheorcs, serial_bayou_crossing
D:2:      first_bread, nicolae_tso_carved_into_rock
D:3:      cheibriados_altar_1, chequers_ecumenical_altar_twisty, serial_undead,
          serial_undead_d, serial_undead_d, serial_undead_b, serial_undead_c,
          serial_undead_e, serial_undead_b, kennysheep_generic_room_10,
          uniq_grinder, uniq_crazy_yiuf_cottage
D:4:      chequers_temple_overflow_statue_of_worship,
          minmay_temple_entry_glassed_door, minmay_parallelograms,
          serial_park_tiny_2
D:5:      kennysheep_vampire_church, serial_shops, shop_statue,
          grunt_gozag_statues
D:6:      gammafunk_temple_overflow_statue

Skill      XL: |  1  2  3  4  5  6  7  8 |
---------------+-------------------------+-----
Maces & Flails | 4 5 6 7 8 |  8.8
Fighting       | 4 5 6 |  6.7
Armour         | 3 4 5 6 |  6.0
Dodging        | 3 4 |  4.0
Shields        | 2 3 |  3.9

Action                   |  1- 3 |  4- 6 |  7- 9 || total
-------------------------+-------+-------+-------++-------
Melee: Mace              |    84 |   135 |   140 ||   359
       Headbutt          |    11 |    25 |    44 ||    80
       Morningstar       |       |       |    28 ||    28
Invok: Berserk           |       |     1 |       ||     1
       Trog's Hand       |       |     1 |       ||     1
  Use: Scroll            |       |       |    12 ||    12
  Eat: Chunk             |     2 |     4 |     5 ||    11
       Royal jelly       |       |     1 |     1 ||     2
Armor: Ring mail         |     6 |       |       ||     6
       Chain mail        |    36 |    67 |   112 ||   215
Dodge: Dodged            |    42 |    46 |    44 ||   132
Block: Large shield      |       |    10 |   113 ||   123

Vault maps used:
D:1:      ncdulo_halloftheorcs, serial_bayou_crossing
D:2:      first_bread, nicolae_tso_carved_into_rock
D:3:      cheibriados_altar_1, chequers_ecumenical_altar_twisty, serial_undead,
          serial_undead_d, serial_undead_d, serial_undead_b, serial_undead_c,
          serial_undead_e, serial_undead_b, kennysheep_generic_room_10,
          uniq_grinder, uniq_crazy_yiuf_cottage
D:4:      chequers_temple_overflow_statue_of_worship,
          minmay_temple_entry_glassed_door, minmay_parallelograms,
          serial_park_tiny_2
D:5:      kennysheep_vampire_church, serial_shops, shop_statue,
          grunt_gozag_statues
D:6:      gammafunk_temple_overflow_statue

Table legend:
 A = Turns spent in this place as a percentage of turns spent in the entire game.
 B = Non-inter-level travel turns spent in this place as a percentage of non-inter-level travel turns spent in the entire game.
 C = Inter-level travel turns spent in this place as a percentage of turns spent in this place.
 D = Turns resting spent in this place as a percentage of non-inter-level travel turns spent in this place.
 E = Turns spent auto-exploring this place as a percentage of non-inter-level travel turns spent in this place.
 F = Non-inter-level travel turns spent in this place divided by the number of levels of this place that you've seen.
                   A       B       C       D       E      F
               +-------+-------+-------+-------+-------+----------------------
         Total | 100.0 | 100.0 |   0.7 |   2.7 |  13.3 | 194.7
       Dungeon | 100.0 | 100.0 |   0.7 |   2.7 |  13.3 | 194.7
               +-------+-------+-------+-------+-------+----------------------

Table legend:
 A = Kills in this place as a percentage of kills in entire the game.
 B = Kills by you in this place as a percentage of kills by you in the entire game.
 C = Kills by friends in this place as a percentage of kills by friends in the entire game.
 D = Other kills in this place as a percentage of other kills in the entire game.
 E = Experience gained in this place as a percentage of experience gained in the entire game.
 F = Experience gained in this place divided by the number of levels of this place that you have seen.
                   A       B       C       D       E      F
               +-------+-------+-------+-------+-------+----------------------
         Total | 100.0 | 100.0 |  -nan |  -nan | 100.0 | 344.0
       Dungeon | 100.0 | 100.0 |  -nan |  -nan | 100.0 | 344.0
               +-------+-------+-------+-------+-------+----------------------
